Map: Vigília Leste LE

Players

Corneton

  • Race: Protoss Protoss
  • League: Gold
  • Spawn Location: 7:00

IagoAbreu - Winner!

  • Race: Protoss Protoss
  • League: Gold
  • Spawn Location: 1:00

VOD

Have the link to the VOD?

Description

Time

  • Played on: April 26, 2018, 9:40 a.m.
  • Length: 24:16
Show
View Real Time Build Order
Export as new Build Order

Corneton Protoss 

Build Orders:  

Get SALT Encoding   

  12  0:01  Probe  
  13  0:13  Probe  
  14  0:24  Pylon  
  14  0:31  Probe  
  15  0:49  Gateway x2  
  15  0:56  Gateway  
  15  0:58  Probe  
  16  1:06  Probe  
  17  1:16  Probe  
  17  1:18  Pylon  
  17  1:24  Assimilator  
  18  1:30  Assimilator  
  18  1:32  Probe  
  19  1:43  Cybernetics Core  
  19  1:53  Probe  
  20  2:02  Probe  
  20  2:03  Zealot  
  20  2:04  Zealot x2  
  27  2:10  Warp Gate  
  27  2:15  Pylon  
  27  2:32  Probe  
  28  2:46  Stalker  
  28  2:48  Stalker x2  
  34  3:13  Twilight Council  
  34  3:16  Forge  
  34  3:27  Pylon  
  34  3:39  Stalker  
  34  3:40  Protoss Ground Weapons Level 1, Stalker, Charge  
  38  3:45  Zealot  
  40  3:50  Pylon  
  40  4:31  Robotics Facility  
  40  4:50  Shield Battery  
  40  4:58  Pylon  
  40  5:20  Blink  
  40  5:34  Protoss Ground Armor Level 1  
  40  5:47  Shield Battery  
  40  6:06  Pylon  
  40  6:12  Nexus  
  40  6:14  Probe  
  40  6:16  Assimilator  
  41  6:19  Assimilator  
  41  6:21  Observer  
  41  6:22  Probe  
  42  6:32  Probe  
  44  6:42  Gateway, Observer  
  44  6:43  Gateway  
  44  6:46  Gateway  
  45  6:48  Gateway  
  45  6:59  Probe  
  46  7:04  Observer  
  47  7:11  Probe  
  47  7:13  Adept x2  
  47  7:14  Adept  
  54  7:23  Probe  
  54  7:25  Observer  
  56  7:35  Probe  
  49  7:47  Observer, Probe  
  42  8:21  Probe  
  43  8:29  Probe  
  43  8:32  Photon Cannon  
  44  8:34  Pylon  
  44  8:37  Photon Cannon  
  44  8:39  Probe  
  44  8:44  Zealot x3  
  44  8:45  Zealot x3  
  57  8:51  Probe  
  58  9:03  Observer, Probe  
  60  9:15  Probe  
  61  9:21  Zealot x3  
  61  9:22  Zealot x3  
  73  9:24  Observer  
  74  9:44  Zealot x5  
  74  9:45  Zealot  
  86  9:46  Observer  
  87  10:07  Observer  
  87  10:08  Stalker x2  
  87  10:09  Stalker  
  80  10:29  Observer  
  81  11:22  Probe  
  82  11:30  Probe  
  82  11:39  Probe  
  83  11:45  Stalker  
  83  11:46  Stalker x4  
  94  11:54  Probe  
  94  11:57  Pylon  
  94  12:00  Pylon  
  93  12:03  Pylon  
  93  12:06  Pylon, Probe  
  94  12:24  Photon Cannon x2  
  94  12:28  Photon Cannon  
  94  12:29  Photon Cannon  
  94  12:31  Protoss Ground Weapons Level 2  
  93  13:03  Zealot x4  
  101  13:10  Immortal  
  105  13:38  Nexus  
  105  13:41  Assimilator  
  105  13:43  Assimilator  
  105  13:49  Immortal  
  109  14:04  Zealot x6  
  121  14:28  Warp Prism  
  123  14:47  Protoss Ground Armor Level 2  
  123  15:03  Warp Prism  
  123  15:07  Gateway x2  
  125  15:11  Gateway  
  125  15:16  Gateway  
  125  15:21  Gateway  
  125  15:27  Nexus  
  125  15:30  Assimilator  
  125  15:32  Assimilator  
  125  15:34  Pylon  
  125  15:38  Pylon  
  125  15:42  Pylon  
  127  15:46  Pylon  
  127  15:55  Observer  
  126  16:17  Observer  
  127  16:37  Zealot x3  
  127  16:38  Observer  
  134  16:40  Stalker  
  134  16:41  Stalker  
  134  16:42  Stalker x2  
  134  16:43  Stalker  
  140  17:00  Observer  
  129  17:21  Observer  
  130  17:29  Zealot x4  
  138  17:30  Zealot x2  
  142  17:37  Stalker x2  
  142  17:38  Stalker x3  
  152  18:00  Observer  
  153  18:21  Observer  
  153  18:24  Zealot x5  
  153  18:25  Zealot x2  
  158  18:43  Observer  
  159  18:59  Sentry x2  
  159  19:00  Sentry x2  
  167  19:04  Observer  
  168  19:25  Observer  
  145  19:35  Zealot x5  
  145  19:36  Zealot x2  
  109  19:53  Stargate  
  109  19:55  Stargate  
  106  20:12  Pylon  
  106  20:15  Pylon  
  106  20:16  Pylon  
  106  20:20  Probe  
  107  20:28  Probe  
  108  20:37  Void Ray x2  
  108  20:38  Probe  
  111  20:50  Probe  
  104  21:01  Gateway  
  100  21:14  Void Ray  
  97  21:21  Pylon  
  97  21:23  Pylon  
  100  21:39  Void Ray  
  84  21:42  Gateway  
  86  21:59  Cybernetics Core  
  60  22:38  Stargate  
  60  22:39  Stargate  
  60  22:42  Stargate  
Show
View Real Time Build Order
Export as new Build Order

IagoAbreu Protoss - Winner!

Build Orders: Dark Templar Rush 

Get SALT Encoding   

  1  0:00  Probe  
  12  0:05  Probe  
  14  0:15  Probe  
  15  0:24  Pylon  
  15  0:39  Assimilator  
  15  0:42  Probe  
  16  0:49  Gateway  
  16  0:54  Probe  
  17  0:57  Assimilator  
  17  1:04  Probe  
  18  1:12  Probe  
  19  1:21  Forge, Probe  
  20  1:39  Pylon  
  20  1:50  Protoss Ground Weapons Level 1, Cybernetics Core  
  20  1:53  Pylon  
  20  2:10  Gateway  
  20  2:15  Photon Cannon  
  20  2:22  Probe  
  21  2:23  Warp Gate  
  21  2:34  Probe  
  22  2:40  Twilight Council  
  22  2:51  Probe  
  23  3:10  Nexus  
  23  3:33  Twilight Council  
  23  3:38  Dark Shrine  
  23  3:50  Gateway  
  23  3:52  Gateway  
  23  4:11  Charge  
  23  4:20  Blink  
  23  4:43  Zealot x2  
  27  5:01  Gateway  
  27  5:02  Gateway  
  27  5:04  Protoss Ground Weapons Level 2  
  27  5:07  Probe  
  28  5:15  Probe  
  25  5:25  Probe, Dark Templar  
  25  5:28  Dark Templar  
  30  5:38  Stalker  
  30  5:40  Probe  
  32  5:48  Assimilator, Probe  
  33  5:50  Assimilator  
  33  5:55  Stalker  
  36  6:29  Pylon  
  36  6:33  Robotics Facility  
  36  7:00  Stalker x2  
  36  7:01  Stalker x4  
  48  7:31  Dark Templar  
  30  8:01  Dark Templar  
  32  8:11  Warp Prism  
  32  8:33  Zealot x4  
  32  8:34  Zealot x2  
  44  8:35  Probe  
  45  8:43  Probe  
  45  8:47  Observer  
  47  8:53  Probe  
  47  8:58  Protoss Ground Weapons Level 3  
  48  9:04  Zealot x5  
  48  9:05  Zealot, Probe  
  61  9:17  Probe  
  61  9:23  Gateway  
  61  9:24  Gateway  
  62  9:44  Pylon  
  62  9:46  Pylon  
  62  9:48  Pylon  
  62  10:10  Observer  
  35  10:38  Immortal  
  39  10:56  Robotics Facility  
  39  10:57  Robotics Facility  
  39  11:14  Observer  
  40  11:32  Adept x4, Immortal  
  46  11:33  Adept x3  
  44  12:18  Immortal x2  
  44  12:19  Immortal  
  56  12:44  Stalker x2  
  60  12:55  Immortal  
  60  12:56  Immortal x2  
  60  12:58  Nexus  
  72  13:16  Protoss Shields Level 1  
  72  13:27  Assimilator, Probe  
  72  13:31  Assimilator  
  73  13:35  Probe  
  78  13:46  Pylon  
  78  13:48  Pylon, Warp Prism  
  78  13:58  Probe  
  77  14:08  Probe  
  77  14:10  Probe  
  79  14:18  Immortal  
  79  14:20  Immortal  
  85  14:38  Dark Templar  
  85  14:39  Dark Templar x3  
  93  14:46  Pylon  
  93  14:47  Pylon  
  93  14:49  Pylon  
  93  14:59  Immortal x2  
  105  15:07  Immortal  
  105  15:38  Warp Prism x2  
  109  15:46  Warp Prism  
  111  16:27  Nexus  
  111  16:41  Dark Templar  
  111  16:42  Dark Templar x3  
  111  16:44  Zealot  
  116  16:49  Immortal x2  
  112  17:39  Warp Prism  
  114  17:53  Warp Prism  
  104  18:28  Archon  
  104  18:44  Zealot x3  
  95  18:58  Probe  
  96  19:06  Probe  
  97  19:28  Probe  
  82  19:56  Warp Prism  
  82  19:58  Probe  
  81  20:10  Probe  
  82  20:22  Probe  
  83  20:34  Probe  
  84  20:40  Dark Templar x2  
  84  20:41  Dark Templar  
  90  21:42  Archon  
  80  22:32  Pylon  
  57  23:02  Stalker x2  
  57  23:03  Stalker x5  
  57  23:04  Stalker  
Tags
 
Add a new tag
Caveats
  • Supply blocks, unpowered buildings, or Contaminate may cause inaccurate times.
  • Supply counts are checked every 10 seconds.